 Dungeon Crawl Stone Soup version 0.26.0-90-g5fd8617961 (webtiles) character file.

Game seed: 8394051049011933447

1538 H0rd4k the Insei (level 8, -1/50 HPs)
             Began as an Octopode Transmuter on Feb 2, 2021.
             Was an Initiate of Gozag.
             Slain by a steam dragon (11 damage)
             ... on level 6 of the Dungeon.
             The game lasted 00:08:22 (8734 turns).

H0rd4k the Insei (Octopode Transmuter)              Turns: 8734, Time: 00:08:23

Health: -1/50      AC:  1    Str: 10    XL:     8   Next: 86%
Magic:  13/14      EV: 14    Int: 23    God:    Gozag
Gold:   242        SH:  5    Dex: 12    Spells: 11/15 levels left

rFire    . . .     SeeInvis .     - Unarmed
rCold    . . .     Faith    .   (no shield)
rNeg     . . .     Spirit   .   (helmet currently unavailable)
rPois    .         Reflect  +   o - amulet of reflection
rElec    .         Harm     .   m - +6 ring of intelligence
rCorr    .         Rampage  .   (no ring)
Will     .....                  (no ring)
Stlth    ++++......             (no ring)
HPRegen  0.16/turn              (no ring)
MPRegen  0.14/turn              (no ring)
                                (no ring)
                                (no ring)

@: appendages
A: almost no armour, stealthy swim, amphibious, 8 rings, constrict 8, tentacle
spike 3, camouflage 1, gelatinous body 1
a: End Transformation, Renounce Religion, Potion Petition, Call Merchant, Bribe
Branch


You were on level 6 of the Dungeon.
You worshipped Gozag.
Gozag was aware of your devotion.
One of your tentacles had a temporary spike.
You visited 1 branch of the dungeon, and saw 6 of its levels.

You collected 331 gold pieces.
You paid 89 gold pieces to Gozag.

Inventory:

Missiles
 t - 42 poisoned darts
Jewellery
 c - an uncursed amulet of faith
 m - a +6 ring of intelligence (left tentacle)
 o - an amulet of reflection (around mantle)
Wands
 i - a wand of digging (5)
 q - a wand of paralysis (11)
Scrolls
 a - 2 scrolls of blinking {unknown}
 b - 2 scrolls of amnesia {unknown}
 d - 2 scrolls of identify {unknown}
 e - a scroll of random uselessness {unknown}
 f - 2 scrolls of fear {unknown}
 g - 8 scrolls of remove curse
 j - 5 scrolls of teleportation {unknown}
 k - 3 scrolls of magic mapping {unknown}
Potions
 h - 3 potions of curing {unknown}
 l - a potion of magic {unknown}
 n - a potion of ambrosia {unknown}
 p - a potion of brilliance {unknown}
 r - a potion of haste {unknown}
 s - 2 potions of degeneration {unknown}
 u - a potion of heal wounds {unknown}
 v - a potion of might {unknown}


   Skills:
 + Level 2.2 Fighting
 + Level 3.9 Dodging
 + Level 5.0 Stealth
 + Level 2.1 Shields
 + Level 7.1 Unarmed Combat
 * Level 4.3 Spellcasting
 * Level 4.7 Transmutations
 + Level 0.1 Poison Magic


You had 11 spell levels left.
You knew the following spells:

 Your Spells              Type           Power        Failure   Level
a - Beastly Appendage     Tmut           52%          1%          1
b - Spider Form           Tmut/Pois      8%           11%         3

Your spell library contained the following spells:

 Spells                   Type           Power        Failure   Level
 Wereblood                Tmut           26%          2%          2
 Ice Form                 Ice/Tmut       15%          36%         4
 Blade Hands              Tmut           13%          38%         5


Dungeon Overview and Level Annotations

Branches:
Dungeon (6/15)             Temple (0/1) D:5

Altars:
Cheibriados
Fedhas
Gozag
Hepliaklqana
Kikubaaqudgha
Nemelex Xobeh
Sif Muna
Vehumet
Zin

Annotations:
D:4 exclusion: downstairs
D:5 exclusion: wight


Innate Abilities, Weirdness & Mutations

You cannot wear most types of armour.
You are very stealthy in the water. (Stealth+)
You are amphibious.
You can wear up to eight rings at the same time.
You can use your tentacles to constrict eight enemies at once.
Your skin changes colour to match your surroundings (Stealth+).
Your rubbery body absorbs attacks. (AC +1, EV +1)
One of your tentacles bears a large vicious spike.


Message History

* * * LOW HITPOINT WARNING * * *
The steam dragon claws you.
* * * LOW HITPOINT WARNING * * *
You block the steam dragon's attack. x2
You bludgeon the steam dragon!
You pierce the steam dragon.
The steam dragon is moderately wounded.
You closely miss the steam dragon.
The steam dragon is moderately wounded.
The steam dragon breathes steam at you. The ball of steam misses you.
The steam dragon bites you.
* * * LOW HITPOINT WARNING * * *
The steam dragon claws you.
* * * LOW HITPOINT WARNING * * *
You tentacle-slap the steam dragon.
Your tentacle spike misses the steam dragon.
The steam dragon is heavily wounded.
The steam dragon bites you!
You die...
Your body crumbles into a pile of gold.

#.... #..####.##
#...# ###..
#..(....# #.### ...
##.###..####.# ##.#
#.# #....##.#####
..
######.##.##.....#
##≈≈≈≈####.######.#
#....§§§≈### #.#
#§.D≈≈# #.# #§@§.≈#
#.# #.....# #.#
##...## #.# ###.##
#.# #....# #.#
#.#.## ####.#
#.#... ..##.#
#.##### #^##.# #.#
#.##)#


You could see a steam dragon (catching breath).

Vanquished Creatures
  2 water moccasins
  A black bear (D:3)
  An ogre (D:6)
  A scorpion (D:6)
  2 howler monkeys
  5 wights
  A quasit (D:4)
  2 hounds
  A jelly (D:4)
  An orc priest (D:6)
  2 iguanas (D:5)
  2 orc wizards
  Natasha (thrice) (D:2)
  A bullfrog skeleton (D:5)
  7 worker ants
  A hound zombie (D:5)
  8 adders
  4 gnolls
  A shadow imp (D:5)
  3 white imps (D:5)
  An ufetubus (D:5)
  2 oozes
  2 adder skeletons (D:5)
  A worm (D:2)
  2 dart slugs (D:1)
  A leopard gecko (D:4)
  16 orcs
  4 giant cockroaches
  9 hobgoblins
  17 jackals
  6 kobolds
  3 quokkas
  8 bats
  8 frilled lizards
  12 goblins
  A quokka skeleton (D:6)
  13 rats
155 creatures vanquished.

Vanquished Creatures (others)
  A quokka (D:2)
  A rat (D:2)
2 creatures vanquished.

Grand Total: 157 creatures vanquished

Notes
Turn   | Place    | Note
-------+----------+-------------------------------------------
     0 | D:1      | H0rd4k the Octopode Transmuter began the quest for the Orb.
     0 | D:1      | Reached XP level 1. HP: 13/13 MP: 3/3
   337 | D:1      | Reached XP level 2. HP: 13/18 MP: 5/5
   424 | D:1      | Found a sparkling altar of Nemelex Xobeh.
   788 | D:1      | Reached XP level 3. HP: 12/23 MP: 6/6
  1152 | D:1      | Reached skill level 1 in Stealth
  1792 | D:2      | Found a hazy altar of Hepliaklqana.
  1795 | D:2      | Found a radiant altar of Vehumet.
  2078 | D:2      | You fall into a shaft and drop 1 floor!
  2100 | D:2      | Reached XP level 4. HP: 19/28 MP: 7/7
  2239 | D:2      | Noticed Natasha
  2246 | D:2      | Killed Natasha
  2247 | D:2      | Reached skill level 4 in Unarmed Combat
  2576 | D:2      | Noticed Natasha
  2582 | D:2      | Killed Natasha
  2583 | D:2      | Reached XP level 5. HP: 19/33 MP: 8/8
  2883 | D:2      | Noticed Natasha
  2893 | D:2      | Killed Natasha
  3289 | D:3      | Noticed a black bear
  3295 | D:4      | Found an ancient bone altar of Kikubaaqudgha.
  3521 | D:4      | Learned a level 3 spell: Spider Form
  3708 | D:4      | Reached XP level 6. HP: 26/38 MP: 7/9
  3915 | D:4      | Reached skill level 5 in Unarmed Combat
  4117 | D:4      | Found a snail-covered altar of Cheibriados.
  4837 | D:3      | Killed a black bear
  4838 | D:3      | Reached skill level 1 in Shields
  4921 | D:3      | Reached XP level 7. HP: 33/44 MP: 9/11
  5773 | D:5      | Entered Level 5 of the Dungeon
  6552 | D:5      | Reached skill level 6 in Unarmed Combat
  6745 | D:5      | Found a staircase to the Ecumenical Temple.
  6997 | D:5      | Reached XP level 8. HP: 50/50 MP: 10/12
  7024 | D:5      | Found a glowing silver altar of Zin.
  7824 | D:6      | Found a blossoming altar of Fedhas.
  8208 | D:6      | Found an opulent altar of Gozag.
  8349 | D:6      | Became a worshipper of Gozag Ym Sagoz the Greedy
  8406 | D:6      | Found a shimmering blue altar of Sif Muna.
  8530 | D:6      | Reached skill level 5 in Stealth
  8530 | D:6      | Reached skill level 7 in Unarmed Combat
  8734 | D:6      | Slain by a steam dragon

Illustrated notes

Levels and vault maps discovered:
D:1:      ebering_trefoil_3fold, layout_basic, amethyst_killhole,
          nemelex_altar_shiori
D:2:      layout_loops_cross, fiery_altar_vehumet, general_overflow_altar,
          columned_hall_lemuel, kennysheep_generic_room_7, uniq_natasha
D:3:      layout_rooms
D:4:      layout_basic, kiku_gazebo_pond_becter, lemuel_crystal_altar
D:5:      layout_gridville, minmay_temple_entry_tees, minmay_crystal_water,
          minmay_ruined_shrine
D:6:      cheibrodos_steamvent, layout_loops_ring, overflow_temple_1_default,
          nicolae_overflow_crystal_walls, lemuel_crystal_altar,
          marbit_many_paths, nicolae_tso_besieged_by_evil

Skill      XL: |  1  2  3  4  5  6  7  8 |
---------------+-------------------------+-----
Stealth        | 1 2 3 4 5 |  5.0
Unarmed Combat | 4 5 6 7 |  7.1
Shields        | 1 2 |  2.1
Transmutations | 3 4 |  4.7
Dodging        | 3 |  3.9
Fighting       | 2 |  2.2
Spellcasting   | 3 4 |  4.3
Poison Magic   | |  0.1

Action                   |  1- 3 |  4- 6 |  7- 9 || total
-------------------------+-------+-------+-------++-------
Melee: Unarmed           |   101 |   123 |   231 ||   455
       Constrict         |    32 |    25 |    54 ||   111
       Tentacles         |    23 |    18 |    42 ||    83
       Punch             |     3 |       |     7 ||    10
       Kick              |       |    11 |    59 ||    70
 Cast: Beastly Appendage |       |     8 |    26 ||    34
       Spider Form       |       |     2 |     2 ||     4
  Use: Scroll            |       |       |     1 ||     1
 Stab: Sleeping          |     5 |     9 |     7 ||    21
Armor: Skin              |    13 |    10 |     4 ||    27
Dodge: Dodged            |    59 |    94 |   127 ||   280
Block: Other             |       |    23 |    41 ||    64
       Reflection        |       |       |     1 ||     1
